Map: Dusk Towers

Players

llllllllllll

  • Race: Zerg Zerg
  • League: Gold

LilDicky - Winner!

  • Race: Terran Terran
  • League: Diamond

VOD

http://www.twitch.tv/tumescentpie

Description

Time

  • Played on: Jan. 3, 2016, 5:51 p.m.
  • Length: 20:48
Show
View Real Time Build Order
Export as new Build Order

llllllllllll Zerg 

Build Orders: Hatch First 

Get SALT Encoding   

  12  0:01  Drone  
  13  0:13  Overlord  
  13  0:18  Drone  
  14  0:32  Drone x2  
  16  0:45  Drone  
  17  0:55  Hatchery  
  16  0:58  Drone  
  16  1:01  Drone  
  18  1:07  Extractor  
  17  1:20  Drone  
  17  1:25  Spawning Pool  
  17  1:26  Drone  
  18  1:34  Drone  
  19  1:45  Drone  
  20  1:59  Overlord  
  20  2:11  Queen x2  
  20  2:13  Zergling x4  
  26  2:17  Drone  
  26  2:19  Metabolic Boost  
  26  2:22  Drone x2  
  29  2:31  Drone  
  29  2:36  Drone  
  31  2:40  Drone  
  32  2:51  Drone x2  
  32  2:55  Queen  
  32  2:57  Overlord  
  36  3:14  Overlord  
  36  3:18  Lair  
  36  3:20  Hatchery, Drone  
  36  3:21  Drone  
  36  3:23  Drone  
  38  3:50  Drone x6  
  38  3:55  Drone  
  45  3:56  Roach Warren  
  44  4:08  Spore Crawler  
  43  4:11  Spore Crawler  
  43  4:16  Drone x2  
  44  4:19  Overlord x2  
  44  4:21  Extractor  
  43  4:44  Drone x2  
  45  4:48  Extractor  
  44  4:56  Drone x3  
  44  4:57  Drone x3  
  44  4:59  Drone x4  
  54  5:02  Overlord, Extractor  
  54  5:03  Overlord  
  54  5:05  Queen x3  
  59  5:11  Drone x5  
  64  5:20  Drone  
  65  5:26  Drone x5  
  65  5:27  Drone x2  
  72  5:31  Roach  
  74  5:37  Overlord x2  
  74  5:39  Roach  
  76  5:44  Drone x3  
  76  5:45  Evolution Chamber  
  76  5:46  Evolution Chamber  
  76  5:49  Extractor  
  76  5:50  Extractor  
  59  6:52  Drone x3  
  59  6:53  Drone  
  59  6:54  Roach x7  
  69  6:55  Roach x6  
  79  7:10  Spore Crawler  
  79  7:14  Queen  
  76  7:42  Drone x5  
  76  7:43  Drone x4  
  85  7:47  Ravager x12  
  85  7:50  Overlord  
  85  7:51  Overlord x2  
  97  8:04  Spire  
  96  8:05  Spine Crawler  
  96  8:06  Drone  
  96  8:07  Drone x2  
  96  8:10  Overlord x3  
  98  8:16  Zerg Melee Weapons Level 1  
  98  8:26  Drone x2  
  100  8:28  Drone x3  
  103  8:42  Zergling x6  
  103  8:43  Zergling x2  
  107  8:50  Drone x3  
  107  8:51  Drone x4  
  114  8:59  Zerg Ground Armor Level 1  
  118  9:10  Roach x5  
  118  9:12  Overlord x2  
  118  9:14  Overseer x2  
  124  9:18  Hatchery, Zerg Flyer Armor Level 1  
  123  9:27  Infestation Pit  
  123  9:28  Drone x5  
  123  9:29  Drone x3  
  130  10:02  Roach x5  
  130  10:03  Roach x5  
  149  10:10  Baneling Nest  
  149  10:12  Roach x2  
  152  10:16  Zerg Missile Weapons Level 1  
  152  10:17  Glial Reconstitution  
  152  10:35  Roach x4  
  157  10:36  Roach  
  157  10:39  Overlord x5  
  159  11:03  Roach x2  
  159  11:04  Roach x6  
  169  11:05  Roach x4  
  169  11:09  Roach  
  185  11:12  Overlord x3  
  185  11:14  Overseer x2  
  185  11:22  Overlord  
  185  11:48  Ravager x5  
  185  11:49  Ravager x2  
  185  11:50  Hatchery, Zerg Ground Armor Level 2  
  191  11:59  Hive  
  191  12:00  Corruptor  
  191  12:01  Corruptor x3  
  170  12:59  Corruptor  
  170  13:00  Corruptor x13  
  198  13:49  Drone  
  199  14:00  Greater Spire  
  199  14:31  Zerg Melee Weapons Level 2  
  199  14:33  Zerg Ground Armor Level 3  
  199  14:40  Hatchery  
  195  15:28  Brood Lord  
  195  15:29  Brood Lord  
  195  15:30  Brood Lord  
  195  15:31  Brood Lord  
  195  15:33  Brood Lord  
  195  15:34  Brood Lord x4  
  195  15:35  Brood Lord x2  
  186  15:44  Queen x3  
  192  15:57  Corruptor  
  192  15:58  Corruptor x2  
  198  16:07  Hatchery  
  198  16:10  Overseer  
  197  16:14  Corruptor  
  126  17:52  Roach x5  
  126  17:53  Roach x5  
  129  18:14  Extractor  
  129  18:15  Zergling x8  
  129  18:16  Zergling x56  
  129  18:17  Extractor, Zergling x4  
  153  18:25  Zergling x2  
  150  18:30  Baneling Nest  
  146  18:34  Centrifical Hooks  
  146  18:40  Baneling x3  
  146  18:41  Baneling x7  
  145  18:42  Baneling x8  
  145  18:43  Baneling x7  
  145  18:44  Baneling x2  
  145  18:45  Roach x5  
  145  18:46  Roach x2  
  155  18:59  Roach x4  
  155  19:00  Roach x2  
  153  19:19  Zergling x2  
  153  19:20  Zergling x8  
  158  19:29  Zergling x14  
  158  19:30  Ultralisk Cavern, Zergling x2  
  165  19:33  Baneling x6  
  165  19:34  Baneling x5  
  92  20:28  Overlord x2  
Show
View Real Time Build Order
Export as new Build Order

LilDicky Terran - Winner!

Build Orders: Command Center First (CC), Liberator Opening 

Get SALT Encoding   

  12  0:01  SCV  
  13  0:14  SCV  
  13  0:18  Supply Depot  
  14  0:35  SCV  
  15  0:47  SCV  
  16  0:59  Command Center  
  16  1:02  SCV  
  17  1:16  Barracks  
  17  1:20  SCV  
  17  1:25  Refinery  
  18  1:32  SCV  
  19  1:46  SCV, Refinery  
  20  1:59  SCV  
  21  2:03  Marine  
  21  2:04  Supply Depot  
  22  2:11  Orbital Command  
  22  2:12  Orbital Command  
  22  2:27  Factory  
  22  2:34  Barracks Reactor  
  22  2:37  SCV  
  22  2:41  SCV  
  24  2:51  SCV  
  25  2:53  SCV  
  26  3:03  SCV  
  26  3:05  SCV  
  28  3:12  Command Center  
  28  3:14  Marine x2  
  28  3:15  Factory Reactor  
  30  3:21  Starport  
  30  3:25  SCV  
  31  3:27  SCV  
  31  3:31  Marine  
  31  3:32  Marine  
  34  3:37  SCV  
  35  3:45  SCV  
  36  3:49  Marine x2  
  36  3:52  Liberator  
  37  3:58  SCV, Liberator  
  38  4:07  Marine x2  
  38  4:08  SCV, Factory Tech Lab  
  44  4:11  Refinery  
  44  4:15  Supply Depot  
  47  4:23  SCV  
  47  4:24  Orbital Command  
  48  4:26  Marine x2  
  50  4:34  Siege Tank  
  50  4:35  Liberator  
  53  4:44  Marine  
  53  4:45  SCV x2  
  56  4:46  Refinery  
  59  4:57  SCV  
  60  5:00  Liberator  
  60  5:01  Marine  
  60  5:02  Marine  
  60  5:06  SCV x2  
  64  5:07  Engineering Bay  
  64  5:09  SCV, Siege Tank  
  68  5:19  SCV  
  72  5:22  SCV  
  72  5:23  SCV  
  72  5:24  Supply Depot  
  74  5:32  Supply Depot  
  74  5:35  Liberator  
  74  5:41  Supply Depot  
  74  5:42  SCV x2  
  76  5:51  Siege Tank  
  76  5:53  Marine x2  
  76  5:54  Supply Depot  
  84  6:12  Liberator  
  84  6:16  SCV x2  
  84  6:18  Liberator  
  86  6:28  Siege Tank  
  92  6:40  Supply Depot  
  92  6:42  Command Center  
  92  6:43  Command Center  
  92  7:00  Orbital Command  
  92  7:09  Liberator x2  
  92  7:25  Siege Tank  
  101  7:30  SCV x2  
  101  7:32  SCV  
  104  7:42  SCV x2  
  103  7:44  SCV, Marine x2  
  103  7:48  Barracks  
  103  7:49  Barracks  
  103  7:51  Barracks, Liberator  
  106  7:52  Barracks, Liberator  
  106  7:53  Refinery  
  106  7:54  SCV x2, Refinery  
  106  7:56  SCV  
  106  7:57  Siege Tank  
  112  8:02  Marine  
  113  8:11  Orbital Command x2  
  119  8:16  SCV x3  
  119  8:17  Missile Turret  
  119  8:18  Missile Turret  
  119  8:19  Missile Turret  
  122  8:24  Missile Turret  
  122  8:25  Terran Infantry Weapons Level 1  
  122  8:29  Armory, Siege Tank  
  122  8:32  Armory  
  125  8:35  Engineering Bay  
  125  8:36  SCV x2  
  125  8:38  Marine x2  
  125  8:41  Barracks Reactor x3, Barracks Tech Lab  
  129  8:51  SCV  
  130  8:56  Marine x2  
  130  8:57  Missile Turret  
  130  8:58  Missile Turret  
  130  8:59  Missile Turret  
  130  9:01  Siege Tank  
  130  9:02  Command Center, Missile Turret  
  135  9:06  SCV x3, Missile Turret  
  135  9:08  Missile Turret  
  138  9:13  Marine  
  139  9:17  Missile Turret  
  139  9:18  Missile Turret  
  139  9:19  Terran Infantry Armor Level 1, Missile Turret  
  139  9:20  Supply Depot  
  139  9:24  Terran Vehicle And Ship Armor Level 1, Ghost Academy  
  139  9:32  Supply Depot  
  139  9:33  Marine x2  
  139  9:34  Marauder  
  139  9:35  Stimpack  
  143  9:39  Barracks  
  143  9:40  Barracks  
  143  9:41  Missile Turret  
  143  9:42  Supply Depot, Marine, Medivac x2  
  143  9:43  Marine  
  149  9:55  Marauder  
  151  10:03  Marine x3  
  151  10:04  Marine x5  
  159  10:14  Command Center x2  
  159  10:16  Marauder  
  159  10:19  Missile Turret x2  
  159  10:21  Marine  
  161  10:24  Marine  
  163  10:38  Marauder  
  165  10:47  Liberator  
  165  10:48  Liberator  
  165  10:56  Marine x4  
  169  10:57  Marine  
  169  10:59  Barracks Tech Lab x2, Marauder  
  178  11:15  Refinery, Missile Turret  
  178  11:20  Marauder  
  178  11:22  Missile Turret  
  178  11:23  Missile Turret x2  
  180  11:26  Refinery, Marine x3  
  180  11:27  Marauder x2  
  180  11:30  Combat Shields  
  180  11:31  Concussive Shells  
  187  11:37  Orbital Command  
  187  11:40  Nuke  
  187  11:42  Marauder  
  187  11:45  Marine  
  187  11:46  Marine  
  188  11:48  Marauder x2  
  188  11:52  Planetary Fortress  
  192  11:58  Marine x3  
  195  12:03  Marauder  
  197  12:09  Ghost  
  199  12:22  Personal Cloaking  
  199  12:30  Planetary Fortress  
  199  12:40  Missile Turret  
  199  12:48  Marine  
  198  13:07  Marine x2  
  198  13:10  Terran Infantry Weapons Level 2, Terran Infantry Armor Level 2  
  198  13:12  Terran Vehicle And Ship Armor Level 2  
  197  13:36  Missile Turret  
  199  14:02  Ghost x2  
  192  14:22  Ghost  
  190  14:30  Ghost Academy, Ghost x2  
  190  14:31  Ghost Academy x2  
  192  14:41  Marine x2  
  194  14:51  Marauder  
  196  14:56  Refinery  
  196  14:59  Marauder  
  198  15:00  Refinery  
  198  15:01  Command Center  
  197  15:19  Marine  
  197  15:20  Marauder  
  194  15:43  Ghost x3  
  194  15:48  Barracks  
  200  15:50  Barracks x2  
  200  15:51  Barracks  
  200  15:52  Barracks x2  
  200  16:00  Command Center  
  200  16:02  Missile Turret  
  200  16:15  Planetary Fortress  
  200  16:18  Refinery, Missile Turret  
  200  16:20  Refinery  
  200  16:27  Missile Turret  
  200  16:29  Command Center, Refinery  
  200  16:32  Refinery  
  195  17:06  Ghost x3  
  195  17:09  Barracks Tech Lab x4  
  195  17:19  Barracks Tech Lab  
  185  17:34  Ghost  
  185  17:35  Ghost x2  
  163  17:54  Ghost  
  163  17:55  Ghost x4  
  163  17:57  Marine  
  163  17:58  Marine x8  
  174  18:03  Ghost x3  
  165  18:15  Marine  
  165  18:16  Marine x2  
  165  18:23  Ghost x4  
  165  18:24  Ghost  
  172  18:27  Medivac x2  
  172  18:31  Ghost  
  172  18:32  Ghost x2  
  182  18:51  Nuke  
  182  18:52  Ghost x2, Nuke x3  
  186  18:57  Ghost x3, Medivac  
  186  19:00  Ghost x3  
  197  19:20  Ghost  
  199  19:36  Orbital Command  
  199  19:47  Command Center  
  182  20:00  Supply Depot  
  118  20:43  Command Center  
Tags
 
Add a new tag
Caveats
  • Supply blocks, unpowered buildings, or Contaminate may cause inaccurate times.
  • Supply counts are checked every 10 seconds.